 Dungeon Crawl Stone Soup version 0.31.0-32-g396128a36d (webtiles) character file.

Game seed: 9253624250673015862

714 Glalom the Ruffian (level 7, -13/72 HPs)
             Began as a Troll Shapeshifter on Mar 28, 2024.
             Was an Initiate of Ashenzari.
             Mangled by an orc warrior
             ... wielding a +0 battleaxe
              (28 damage)
             ... on level 5 of the Dungeon.
             The game lasted 00:09:59 (3015 turns).

Glalom the Ruffian (Troll Shapeshifter)             Turns: 3015, Time: 00:10:00

Health: -13/72     AC:  4    Str: 25    XL:     7   Next: 41%
Magic:  0/6        EV:  1    Int:  6    God:    Ashenzari [......]
Gold:   178        SH:  0    Dex:  9    Spells: 6/6 levels left

rFire   . .          .
                       - Unarmed
rCold   . . .        (no shield)
rNeg    . . .        a - +0 animal skin
rPois   +            (helmet currently unavailable)
rElec   .            (cloak currently unavailable)
rCorr   .            (gloves unavailable)
SInv    .            (boots unavailable)
Will    .....        p - amulet of guardian spirit
Stlth   +            r - ring of poison resistance
HPRegen 1.12/turn    t - ring of flight
MPRegen 0.10/turn

%: guardian spirit
@: beast-form, sleeping, flying
A: beast (slay +1), large, unfitting armour, claws 3, regeneration 1, shaggy fur
1, tough skin 1
a: Begin Untransformation, Renounce Religion, Curse Item


You were on level 5 of the Dungeon.
You worshipped Ashenzari.
Ashenzari was noncommittal.
You were a hulking beast.
You visited 1 branch of the dungeon, and saw 5 of its levels.

You collected 178 gold pieces.

Inventory:

Hand Weapons
 n - the +8 quarterstaff of Distant Shores {protect, ^Fragile rPois rC+++ Str+3}
   (You found it on level 3 of the Dungeon)

   Str+3:     It affects your strength (+3).
   rC+++:     It renders you almost immune to cold.
   rPois:     It protects you from poison ^Fragile: It will be destroyed if
   unequipped.
Armour
 a - a +0 animal skin (worn)
Jewellery
 p - an amulet of guardian spirit (around neck)
 r - a ring of poison resistance (left claw)
 t - a ring of flight (right claw)
Talismans
 c - a beast talisman
 d - a flux talisman
 s - a serpent talisman
Scrolls
 f - 2 scrolls of vulnerability {unknown}
 h - 3 scrolls of enchant armour {unknown}
 i - 2 scrolls of amnesia {unknown}
 j - a scroll of enchant weapon {unknown}
 k - 2 scrolls of identify {unknown}
 m - a scroll of noise {unknown}
Potions
 b - 2 potions of lignification
 e - 2 potions of degeneration {unknown}
 g - a potion of attraction {unknown}
 l - 2 potions of brilliance {unknown}
 o - 2 potions of mutation {unknown}
 q - a potion of curing {unknown}


   Skills:
 - Level 5.0 Fighting
 - Level 1.5 Dodging
 + Level 6.3 Unarmed Combat
 - Level 3.0 Shapeshifting


You had 6 spell levels left.
You didn't know any spells.
Your spell library contained the following spells:

 Spells                   Type           Power      Damage    Failure   Level
 Sandblast                Erth           0%         2d4       45%         1
 Passwall                 Erth           0%         N/A       83%         3
 Stone Arrow              Conj/Erth      0%         3d7       83%         3
 Brom's Barrelling Bould  Conj/Erth      0%         2d3       99%         4
 Cause Fear               Hex            0%         N/A       99%         4
 Fireball                 Conj/Fire      0%         3d3       100%        5
 Dragon's Call            Summ           0%         N/A       100%        9


Dungeon Overview and Level Annotations

Branches:
Dungeon (5/15)             Temple (0/1) D:4

Altars:
Ashenzari
Hepliaklqana
Kikubaaqudgha
Qazlal
Vehumet

Shops:
D:5 [

Annotations:
D:3 exclusion: statue


Innate Abilities, Weirdness & Mutations

You are a hulking beast.
Your limbs bulge with bestial killing power. (Slay +1)
You are too large for most types of armour.
You have claws for hands.
Your natural rate of healing is unusually fast.
You are covered in fur. (AC +1)
You have tough skin. (AC +1)


Message History

The orc hits you with a +3 short sword. The sleepcap barely misses you.
You barely miss the orc warrior.
The orc warrior is almost dead.
The orc warrior hits you but does no damage.
The orc hits you with a +3 short sword. The sleepcap releases spores at you.
You are too injured to fight recklessly!
You are too injured to fight recklessly!
Unknown command.
You barely miss the orc warrior.
The orc warrior is almost dead.
The orc warrior hits you with a +0 battleaxe!
The orc hits you with a +3 short sword.
The sleepcap releases spores at you but does no damage.
The orc warrior throws a boomerang.
The boomerang closely misses you.
Items here: ( ) [ †.
You claw the orc!
You kill the orc!
The orc warrior throws a boomerang.
The boomerang hits you!
* * * LOW HITPOINT WARNING * * *
The sleepcap releases spores at you.
* * * LOW HITPOINT WARNING * * *
You claw the sleepcap!
The sleepcap is heavily damaged.
The sleepcap releases spores at you but does no damage.
You scratch the orc warrior but do no damage.
The orc warrior is almost dead.
The sleepcap attacks as it pursues you! The sleepcap releases spores at you.
* * * LOW HITPOINT WARNING * * *
You barely miss the orc warrior.
The orc warrior is almost dead.
The sleepcap releases spores at you but does no damage.
The orc warrior hits you with a +0 battleaxe.
* * * LOW HITPOINT WARNING * * *
The sleepcap attacks as it pursues you! The sleepcap releases spores at you.
* * * LOW HITPOINT WARNING * * *
You are engulfed in a cloud of soporific spores!
You fall asleep.
The sleepcap releases spores at you but does no damage.
The orc warrior hits you with a +0 battleaxe!!
You die...

#............## ...
####......#...##.#
#.....##..#...∩###....
#.......).)....(.......
#.##.....#))...#.......
.........##)#####......
...##.##..##.......$.
..##......)..........
..........hf.........
.#..#....o)........
..#<####...)........
..# #...........?= .(
#.)...........
#............#
##.#..........
###.#........
###...###.#


You could see an orc warrior and a sleepcap.

Vanquished Creatures
  Eustachio (D:4)
  An ogre (D:4)
  2 scorpions
  A hound (D:5)
  A bombardier beetle (D:4)
  Crazy Yiuf (D:2)
  2 orc priests (D:5)
  Jessica (D:2)
  Natasha (thrice) (D:2)
  A mummy (D:4)
  3 adders
  2 dart slugs
  A ribbon worm (D:2)
  11 orcs
  6 ball pythons
  4 bats (D:1)
  9 endoplasms
  4 giant cockroaches
  A goblin (D:3)
  5 hobgoblins
  8 kobolds
  A quokka (D:1)
  4 frilled lizards
  A hobgoblin zombie (D:4)
  A kobold zombie (D:4)
  2 orc zombies (D:4)
  7 rats
84 creatures vanquished.

Notes
Turn   | Place    | Note
-------+----------+-------------------------------------------
     0 | D:1      | Glalom the Troll Shapeshifter began the quest for the Orb.
     0 | D:1      | Reached XP level 1. HP: 18/18 MP: 0/0
    56 | D:1      | Reached skill level 1 in Fighting
    98 | D:1      | Reached XP level 2. HP: 28/28 MP: 1/1
   368 | D:1      | Reached XP level 3. HP: 34/36 MP: 2/2
   960 | D:2      | Noticed Natasha
   962 | D:2      | Killed Natasha
  1001 | D:2      | Noticed Natasha
  1007 | D:2      | Killed Natasha
  1008 | D:2      | Reached XP level 4. HP: 30/45 MP: 3/3
  1071 | D:2      | Noticed Jessica
  1079 | D:2      | Killed Jessica
  1297 | D:2      | Noticed Natasha
  1303 | D:2      | Killed Natasha
  1304 | D:2      | Reached XP level 5. HP: 53/54 MP: 4/4
  1391 | D:2      | Found a runed translucent door.
  1392 | D:2      | Noticed Crazy Yiuf
  1578 | D:2      | Killed Crazy Yiuf
  1667 | D:3      | Identified the +8 quarterstaff of Distant Shores {protect,
                  | ^Fragile rPois rC+++ Str+3}
  1796 | D:3      | Found an ancient bone altar of Kikubaaqudgha.
  2087 | D:3      | Found a radiant altar of Vehumet.
  2087 | D:3      | Noticed a frost-covered statue
  2097 | D:3      | Found a faded altar of an unknown god.
  2234 | D:4      | Noticed Eustachio
  2271 | D:4      | Killed Eustachio
  2272 | D:4      | Reached skill level 5 in Fighting
  2272 | D:4      | Reached XP level 6. HP: 37/66 MP: 3/5
  2315 | D:4      | Found a broken altar of Ashenzari.
  2316 | D:4      | Found a stormy altar of Qazlal.
  2318 | D:4      | Found a hazy altar of Hepliaklqana.
  2347 | D:4      | Became a worshipper of Ashenzari the Shackled
  2382 | D:4      | Reached skill level 4 in Unarmed Combat
  2675 | D:4      | Reached skill level 5 in Unarmed Combat
  2675 | D:4      | Reached XP level 7. HP: 72/72 MP: 6/6
  2679 | D:4      | Found a staircase to the Ecumenical Temple.
  2904 | D:5      | Entered Level 5 of the Dungeon
  2975 | D:5      | Found Hiblan's Armour Shop.
  2982 | D:5      | Reached skill level 6 in Unarmed Combat
  3015 | D:5      | Mangled by an orc warrior

Illustrated notes

Levels and vault maps discovered:
D:1:      orjb1_clovarrival, layout_loops_corners
D:2:      layout_loops_ring, uniq_natasha, uniq_jessica, uniq_crazy_yiuf_cottage
D:3:      layout_basic, vehumet_statue, old_standard_altar,
          ebering_ecumenical_altar_hall
D:4:      layout_loops_ring, grunt_temple_overflow_open,
          minmay_temple_entry_stoned_glass, minmay_mini_ossuary, uniq_eustachio
D:5:      layout_cave_pools, lemuel_doored_altar, serial_shops, shop,
          gammafunk_ghost_grave, uniq_sigmund

Skill      XL: |  1  2  3  4  5  6  7 |
---------------+----------------------+-----
Fighting       | 1 2 3 4 5 |  5.0
Unarmed Combat | 5 6 |  6.3
Dodging        | |  1.5
Shapeshifting  | |  3.0

Action                     |  1- 3 |  4- 6 |  7- 9 || total
---------------------------+-------+-------+-------++-------
  Melee: Unarmed           |    60 |    91 |    40 ||   191
         Punch             |       |     1 |     1 ||     2
   Stab: Sleeping          |       |     1 |       ||     1
 Armour: Animal skin       |    38 |    52 |    34 ||   124
  Dodge: Dodged            |    20 |    39 |    14 ||    73
